 Dungeon Crawl Stone Soup version 0.30-b1-2-g02819fbbbe (webtiles) character file.

Game seed: 7996088976092054238

464 Arzdou the Chopper (level 7, -7/60 HPs)
             Began as a Gnoll Cinder Acolyte on May 23, 2023.
             Was a High Priest of Ignis.
             Mangled by an ice beast (13 damage)
             ... on level 5 of the Dungeon.
             The game lasted 00:03:42 (4166 turns).

Arzdou the Chopper (Gnoll Cinder Acolyte)           Turns: 4166, Time: 00:03:44

Health: -7/60      AC:  6    Str: 13    XL:     7   Next: 7%
Magic:  8/21       EV:  9    Int: 15    God:    Ignis [*****.]
Gold:   342        SH:  0    Dex:  8    Spells: 11/13 levels left

rFire   + . .        a - -1 hand axe (flame)
rCold   . . .        (no shield)
rNeg    . . .        d - +0 scale mail
rPois   .            (no helmet)
rElec   .            (no cloak)
rCorr   .            (no gloves)
SInv    .            (no boots)
Will    .....        (no amulet) Stlth
                     k - ring of magical power
HPRegen 0.30/turn    (no ring)
MPRegen 0.17/turn

%: no passive effects
@: no status effects
A: fangs 1, strong nose, distributed training
a: Renounce Religion, Fiery Armour, Foxfire Swarm, Rising Flame


You were on level 5 of the Dungeon.
You worshipped Ignis.
Ignis was extremely pleased with you.
You visited 1 branch of the dungeon, and saw 5 of its levels.

You collected 342 gold pieces.

Inventory:

Hand Weapons
 a - a -1 hand axe of flaming (weapon)
Missiles
 i - a throwing net
Armour
 b - a +0 robe
 d - a +0 scale mail (worn)
Jewellery
 k - a ring of magical power (left hand)
Wands
 v - a wand of charming (1)
Scrolls
 c - a scroll of acquirement {unknown}
 e - 2 scrolls of noise {unknown}
 j - 3 scrolls of teleportation {unknown}
 n - a scroll of fear {unknown}
 p - a scroll of silence {unknown}
 q - 2 scrolls of identify {unknown}
 s - a scroll of poison {unknown}
 u - a scroll of enchant armour {unknown}
Potions
 f - a potion of flight {unknown}
 g - 3 potions of curing {unknown}
 h - a potion of magic {unknown}
 l - a potion of lignification {unknown}
 m - a potion of cancellation {unknown}
 o - a potion of resistance {unknown}
 r - a potion of ambrosia {unknown}
 t - 2 potions of berserk rage {unknown}


   Skills:
 + Level 7.0 Fighting
 + Level 2.3 Short Blades
 + Level 2.3 Long Blades
 + Level 7.0 Axes
 + Level 2.3 Maces & Flails
 + Level 2.3 Polearms
 + Level 2.3 Staves
 + Level 2.3 Ranged Weapons
 + Level 2.3 Throwing
 + Level 2.3 Armour
 + Level 2.3 Dodging
 + Level 2.3 Stealth
 + Level 2.3 Shields
 + Level 2.3 Unarmed Combat
 + Level 3.7 Spellcasting
 + Level 1.9 Conjurations
 + Level 1.9 Hexes
 + Level 1.9 Summonings
 + Level 1.9 Necromancy
 + Level 1.9 Translocations
 + Level 1.9 Transmutations
 + Level 5.8 Fire Magic
 + Level 1.9 Ice Magic
 + Level 1.9 Air Magic
 + Level 1.9 Earth Magic
 + Level 1.9 Poison Magic
 + Level 2.6 Invocations
 + Level 2.3 Evocations


You had 11 spell levels left.
You knew the following spells:

 Your Spells              Type           Power      Damage    Failure   Level
a - Scorch                Fire           40%        2d7       12%         2

Your spell library contained the following spells:

 Spells                   Type           Power      Damage    Failure   Level
 Inner Flame              Hex/Fire       14%        N/A       47%         3
 Flame Wave               Conj/Fire      14%        2d6       87%         4
 Sticky Flame             Conj/Fire      14%        2d4       87%         4


Dungeon Overview and Level Annotations

Branches:
Dungeon (5/15)
 Temple: D:4-7

Altars:
Hepliaklqana
Ru
Sif Muna
Vehumet
Yredelemnul

Annotations:
D:3 1 runed translucent door


Innate Abilities, Weirdness & Mutations

You have very sharp teeth.
Your uncanny sense of smell can sniff out nearby items.
Your experience applies equally to all skills.


Message History

You hit the iguana but do no damage. Your bite misses the iguana.
The iguana is heavily wounded.
An orc comes into view. It is wielding a +0 short sword.
The iguana bites you.
The orc shouts!
You hit the iguana but do no damage.
The iguana is heavily wounded.
You hear a shout!
The iguana bites you!
You hit the iguana but do no damage.
The iguana is heavily wounded.
The iguana barely misses you.
Flames lash the iguana.
The iguana is severely wounded.
The iguana's fire resistance burns away.
The iguana barely misses you.
Flames lash the iguana.
The iguana is burned terribly!
You kill the iguana!
An orc comes into view. It is wielding a +0 club.
An orc comes into view. It is wielding a +0 dagger.
Flames lash the orc.
The orc is severely wounded.
The orc's fire resistance burns away.
The ice beast hits you. The ice beast freezes you!
An orc comes into view. It is wielding a +0 mace.
You are too injured to fight recklessly!
You are too injured to fight recklessly!
You hit the ice beast but do no damage. The ice beast hits you.
The ice beast freezes you!
* * * LOW HITPOINT WARNING * * *
You hit the ice beast.
You melt the ice beast.
The ice beast is lightly wounded.
The ice beast hits you but does no damage.
You barely miss the ice beast.
You bite the ice beast, but do no damage.
The ice beast is lightly wounded.
The ice beast hits you.
* * * LOW HITPOINT WARNING * * *
The ice beast freezes you!
You die...

...##.....##.##
#..#.......#.#
......_.....#
#.......###
##.....##
##...## ##.##
##.#####.#
...oooY@.#
##.#o##### ∆


You could see an ice beast and 4 orcs.

Vanquished Creatures
  A black bear (D:4)
  A howler monkey (D:5)
  A human zombie (D:3)
  An iguana (D:5)
  2 sleepcaps
  An orc wizard (D:4)
  6 adders
  4 gnolls (D:2)
  A worm (D:3)
  A dart slug (D:3)
  19 orcs
  6 endoplasms
  3 giant cockroaches
  6 goblins
  5 hobgoblins
  2 jackals (D:1)
  7 kobolds
  2 quokkas
  4 ball pythons
  6 bats
  3 frilled lizards
  A kobold skeleton (D:3)
  5 rats
88 creatures vanquished.

Notes
Turn   | Place    | Note
-------+----------+-------------------------------------------
     0 | D:1      | Arzdou the Gnoll Cinder Acolyte began the quest for the
                  | Orb.
     0 | D:1      | Reached XP level 1. HP: 23/23 MP: 4/4
    96 | D:1      | Reached XP level 2. HP: 29/29 MP: 5/5
   675 | D:2      | Learned a level 2 spell: Scorch
   690 | D:2      | Reached XP level 3. HP: 35/35 MP: 7/7
  1008 | D:2      | Reached skill level 1 in Invocations
  1064 | D:2      | Reached skill level 1 in Short Blades
  1064 | D:2      | Reached skill level 1 in Long Blades
  1064 | D:2      | Reached skill level 1 in Maces & Flails
  1064 | D:2      | Reached skill level 1 in Polearms
  1064 | D:2      | Reached skill level 1 in Staves
  1064 | D:2      | Reached skill level 1 in Ranged Weapons
  1064 | D:2      | Reached skill level 1 in Throwing
  1064 | D:2      | Reached skill level 1 in Armour
  1064 | D:2      | Reached skill level 1 in Dodging
  1064 | D:2      | Reached skill level 1 in Stealth
  1064 | D:2      | Reached skill level 1 in Shields
  1064 | D:2      | Reached skill level 1 in Unarmed Combat
  1064 | D:2      | Reached skill level 1 in Evocations
  1152 | D:2      | Reached XP level 4. HP: 18/41 MP: 8/8
  1557 | D:3      | Reached skill level 1 in Conjurations
  1557 | D:3      | Reached skill level 1 in Hexes
  1557 | D:3      | Reached skill level 1 in Summonings
  1557 | D:3      | Reached skill level 1 in Necromancy
  1557 | D:3      | Reached skill level 1 in Translocations
  1557 | D:3      | Reached skill level 1 in Transmutations
  1557 | D:3      | Reached skill level 1 in Ice Magic
  1557 | D:3      | Reached skill level 1 in Air Magic
  1557 | D:3      | Reached skill level 1 in Earth Magic
  1557 | D:3      | Reached skill level 1 in Poison Magic
  1575 | D:3      | Found a runed translucent door.
  1575 | D:3      | Noticed a human
  1578 | D:3      | Found a basalt altar of Yredelemnul.
  1609 | D:3      | Reached XP level 5. HP: 42/47 MP: 9/9
  1697 | D:3      | Found a shimmering blue altar of Sif Muna.
  2959 | D:4      | Noticed a black bear
  2967 | D:4      | Killed a black bear
  2968 | D:4      | Reached XP level 6. HP: 39/53 MP: 11/11
  3182 | D:4      | Found a radiant altar of Vehumet.
  3203 | D:4      | Found a hazy altar of Hepliaklqana.
  3585 | D:5      | Entered Level 5 of the Dungeon
  4132 | D:5      | Found a sacrificial altar of Ru.
  4147 | D:5      | Noticed an ice beast
  4156 | D:5      | Reached XP level 7. HP: 52/60 MP: 12/12
  4166 | D:5      | Mangled by an ice beast

Illustrated notes

Levels and vault maps discovered:
D:1:      minmay_arrival_stone_box, layout_basic
D:2:      layout_loops_ring, dk_vineyard_3
D:3:      layout_basic, dk_yredelemnul_ordeal, lemuel_coloured_pillars_altar,
          chequers_arboretum, kennysheep_generic_room_5
D:4:      layout_loops_ring, mainiacjoe_overflow_paths, fiery_altar_vehumet,
          chequers_serial_rivers_small_b
D:5:      layout_loops_corners, lemuel_round_altar, uniq_pikel

Skill      XL: |  1  2  3  4  5  6 |
---------------+-------------------+-----
Invocations    | 1 2 |  2.6
Short Blades   | 1 2 |  2.3
Long Blades    | 1 2 |  2.3
Maces & Flails | 1 2 |  2.3
Polearms       | 1 2 |  2.3
Staves         | 1 2 |  2.3
Ranged Weapons | 1 2 |  2.3
Throwing       | 1 2 |  2.3
Armour         | 1 2 |  2.3
Dodging        | 1 2 |  2.3
Stealth        | 1 2 |  2.3
Shields        | 1 2 |  2.3
Unarmed Combat | 1 2 |  2.3
Evocations     | 1 2 |  2.3
Spellcasting   | 3 |  3.7
Conjurations   | 1 |  1.9
Hexes          | 1 |  1.9
Summonings     | 1 |  1.9
Necromancy     | 1 |  1.9
Translocations | 1 |  1.9
Transmutations | 1 |  1.9
Ice Magic      | 1 |  1.9
Air Magic      | 1 |  1.9
Earth Magic    | 1 |  1.9
Poison Magic   | 1 |  1.9
Fighting       | 7 |  7.0
Axes           | 7 |  7.0
Fire Magic     | |  5.8

Action                     |  1- 3 |  4- 6 |  7- 9 || total
---------------------------+-------+-------+-------++-------
  Melee: Hand axe          |    96 |   173 |     8 ||   277
         Punch             |     2 |     2 |       ||     4
         Bite              |     6 |    17 |     1 ||    24
   Cast: Scorch            |       |    31 |     3 ||    34
 Armour: Robe              |     4 |       |       ||     4
         Scale mail        |    37 |    83 |     1 ||   121
  Dodge: Dodged            |    32 |    95 |     4 ||   131
